AoeStats
← Kanto

Arena

508912751Analyzed
1v1 RM · 7d ago on Sep 24, 2026· 97m 36s· 2 players
Game mode
Random Map
Map size
Tiny (2 player)
Population
200
Speed
Normal
Resources
Standard
Victory
Conquest
Starting age
Dark Age
Ending age
Imperial Age
RankedLock teamsTeams togetherTeam positionsShared explorationLock speedFull tech treeHidden civsTurbo modeCheats
Victory
Defeat
🇮🇳 Byzantines · India
1000
+48
🇩🇪 Persians · Germany
1010
-16
Kanto
10:44 Feudal Age
12:29 Double-Bit Axe
14:58 Castle Age
13:34 Horse Collar
21:06 Wheelbarrow
20:19 Loom
21:36 Fervor
21:47 Stone Mining
21:48 Gold Mining
22:31 Bow Saw
24:24 Heavy Plow
24:46 Arson
25:29 Pikeman
26:12 Scale Mail Armor
28:19 Hand Cart
28:22 Fletching
31:08 Imperial Age
29:12 Fortified Wall
29:24 Ballistics
30:15 Bodkin Arrow
32:48 Chemistry
32:19 Scale Barding Armor
32:24 Forging
34:22 Chain Barding Armor
34:37 Iron Casting
35:03 Husbandry
37:24 Plate Barding Armor
39:48 Elite Skirmisher
40:36 Thumb Ring
40:33 Bracer
40:33 Padded Archer Armor
43:02 Two-Man Saw
42:38 Crop Rotation
42:45 Gold Shaft Mining
42:50 Conscription
42:49 Leather Archer Armor
43:45 Stone Shaft Mining
44:18 Ring Archer Armor
44:14 Squires
43:59 Gambesons
43:35 Elite Varangian Guard
44:29 Treadmill Crane
44:45 Halberdier
45:42 Chain Mail Armor
45:42 Murder Holes
46:31 Hoardings
47:43 Plate Mail Armor
61:47 Elite Cataphract
67:31 Light Cavalry
72:27 Capped Ram
74:00 Siege Ram
89:40 Hussar
dom
9:53 Feudal Age
13:49 Castle Age
12:34 Double-Bit Axe
12:39 Horse Collar
15:23 Heavy Plow
16:41 Loom
18:44 Wheelbarrow
19:10 Bow Saw
20:52 Stone Mining
22:43 Gold Mining
23:15 Hand Cart
25:45 Gold Shaft Mining
27:26 Scale Barding Armor
28:04 Crossbowman
28:49 Kamandaran
33:17 Imperial Age
33:26 Imperial Age
31:15 Forging
31:42 Fletching
32:51 Guard Tower
33:47 Stone Shaft Mining
33:46 Thumb Ring
33:38 Bodkin Arrow
34:43 Chain Barding Armor
34:46 Cavalier
36:32 Plate Barding Armor
37:20 Iron Casting
36:46 Savar
38:57 Two-Man Saw
38:30 Crop Rotation
38:56 Bloodlines
39:55 Blast Furnace
39:15 Savar
39:24 Savar
41:24 Padded Archer Armor
41:16 Pikeman
41:59 Scale Mail Armor
42:32 Leather Archer Armor
43:19 Husbandry
44:33 Town Watch
44:43 Heavy Camel Rider
46:10 Capped Ram
48:41 Siege Ram
51:37 Ring Archer Armor
52:37 Ballistics
53:18 Chemistry
54:52 Light Cavalry
57:06 Heavy Scorpion
57:44 Hussar
58:23 Heavy Scorpion
62:06 Conscription
63:49 Masonry
64:15 Town Patrol
73:14 Squires
75:32 Onager
Connection lost

Rejoining the realm…

Still unreachable

The connection could not be restored.

Session expired

The server has moved on; the page needs a fresh start.